 Dungeon Crawl Stone Soup version 0.31.0-32-g396128a36d (webtiles) character file.

Game seed: 8417801681971687398

68 Marvel the Insei (level 4, -5/28 HPs)
             Began as an Octopode Shapeshifter on Mar 15, 2024.
             Splashed by a jelly's acid (6 damage)
             ... on level 2 of the Dungeon.
             The game lasted 00:01:15 (729 turns).

Marvel the Insei (Octopode Shapeshifter)             Turns: 729, Time: 00:01:15

Health: -5/28      AC: -11   Str: 13    XL:     4   Next: 19%
Magic:  4/4        EV: 13    Int: 12    God:
Gold:   106        SH:  0    Dex: 13    Spells: 3/3 levels left

rFire   . .          .
                       - Unarmed
rCold   . . .        (no shield)
rNeg    . . .        (helmet currently unavailable)
rPois   .            (no amulet)
rElec   .            (no ring)
rCorr   .            (no ring)
SInv    .            (no ring)
Will    .....        (no ring)
Stlth   +++          (no ring)
HPRegen 0.24/turn    (no ring)
MPRegen 0.09/turn    (no ring)
                     (no ring)

%: no passive effects
@: beast-form, corroded
A: beast (slay +1), almost no armour, amphibious, 8 rings, camouflage 1,
gelatinous body 1, (nimble swimmer 1), tentacles
a: Begin Untransformation


You were on level 2 of the Dungeon.
You were a hulking beast.
You visited 1 branch of the dungeon, and saw 2 of its levels.

You collected 106 gold pieces.

Inventory:

Talismans
 b - a beast talisman
 c - a flux talisman
Scrolls
 d - a scroll of identify {unknown}
 f - a scroll of brand weapon {unknown}
 g - a scroll of fear {unknown}
Potions
 a - a potion of lignification
 e - a potion of enlightenment {unknown}


   Skills:
 + Level 1.2 Fighting
 + Level 2.4 Dodging
 + Level 1.1 Stealth
 + Level 4.4 Unarmed Combat
 - Level 3.0 Shapeshifting


You had 3 spell levels left.
You didn't know any spells.
Your spell library was empty.

Dungeon Overview and Level Annotations

Branches:
Dungeon (2/15)

Altars:


Innate Abilities, Weirdness & Mutations

You are a hulking beast.
Your limbs bulge with bestial killing power. (Slay +1)
You cannot wear most types of armour.
You are amphibious.
You can wear up to eight rings at the same time.
Your skin changes colour to match your surroundings (Stealth+).
Your rubbery body absorbs attacks. (AC +1, EV +1)
((You are camouflaged when in or above water. (Stealth+)))
You have tentacles for arms and can constrict up to eight enemies at once.


Message History

You kill the bat!
You tentacle-slap the jelly but do no damage.
Your tentacles burn!
You squeeze the jelly.
The jelly is lightly wounded.
The jelly barely misses you.
You barely miss the jelly. You squeeze the jelly.
The jelly is moderately wounded.
The jelly barely misses you.
You tentacle-slap the jelly.
Your tentacles burn!
Your squeeze misses the jelly.
The jelly is heavily wounded.
The jelly hits you. The acid corrodes you!
You are splashed with acid!
You are too injured to fight recklessly!
You are too injured to fight recklessly!
You are too injured to fight recklessly!
You are too injured to fight recklessly!
You are too injured to fight recklessly!
You are too injured to fight recklessly!
You are too injured to fight recklessly!
You are too injured to fight recklessly!
You are too injured to fight recklessly!
You are too injured to fight recklessly!
You are too injured to fight recklessly!
You tentacle-slap the jelly but do no damage.
Your tentacles burn!
The jelly is heavily wounded.
The jelly hits you. The acid corrodes you!
You are splashed with acid!
* * * LOW HITPOINT WARNING * * *
You tentacle-slap the jelly.
Your tentacles burn!
* * * LOW HITPOINT WARNING * * *
The jelly is severely wounded.
The jelly barely misses you.
You tentacle-slap the jelly but do no damage.
The acid corrodes you!
Your tentacles burn!
* * * LOW HITPOINT WARNING * * *
The jelly is severely wounded.
The jelly hits you.
* * * LOW HITPOINT WARNING * * *
The acid corrodes you!
You are splashed with acid.
You die...

.# . ####.#... .. .#
#..##.........# #.##.#.#
........#.#...# #.. ... .
#..##.#.#.#...###.##.# ..
#.........##.........#.#.
.###.....#..†...............
...........hJ............#
......###.............<..#
.................###'##+## .
.....#.?..#####.#......###.
..##..###..##...>#..........
.................#......).#.
.####..##.......##........#
..... #..#....##.....)..#
................##....†...##


You could see a jelly.

Vanquished Creatures
  Robin (D:2)
  A gnoll (D:1)
  2 dart slugs (D:1)
  4 endoplasms (D:1)
  A giant cockroach (D:1)
  10 goblins
  5 hobgoblins
  A quokka (D:1)
  A ball python (D:1)
  3 bats
  4 frilled lizards
  5 kobolds (D:1)
  2 rats (D:1)
40 creatures vanquished.

Notes
Turn   | Place    | Note
-------+----------+-------------------------------------------
     0 | D:1      | Marvel the Octopode Shapeshifter began the quest for the
                  | Orb.
     0 | D:1      | Reached XP level 1. HP: 13/13 MP: 1/1
   135 | D:1      | Reached XP level 2. HP: 11/18 MP: 2/2
   266 | D:1      | Reached XP level 3. HP: 15/23 MP: 3/3
   387 | D:1      | Reached skill level 4 in Unarmed Combat
   527 | D:2      | Noticed Robin
   595 | D:2      | Killed Robin
   596 | D:2      | Reached skill level 1 in Stealth
   596 | D:2      | Reached XP level 4. HP: 13/28 MP: 4/4
   729 | D:2      | HP: 1/28 [jelly (3)]
   729 | D:2      | Splashed by a jelly's acid

Illustrated notes

Levels and vault maps discovered:
D:1:      minmay_arrival_nine_rooms, layout_rooms
D:2:      minmay_angry_zag, layout_basic, uniq_jessica, uniq_robin

Skill      XL: |  1  2  3 |
---------------+----------+-----
Unarmed Combat | 4 |  4.4
Stealth        | 1 |  1.1
Fighting       | |  1.2
Dodging        | |  2.4
Shapeshifting  | |  3.0

Action                     |  1- 3 |  4- 6 || total
---------------------------+-------+-------++-------
  Melee: Unarmed           |    55 |    20 ||    75
         Tentacles         |     8 |     2 ||    10
         Constrict         |    10 |     2 ||    12
         Punch             |     3 |     1 ||     4
   Stab: Sleeping          |     1 |       ||     1
 Armour: Skin              |    27 |     9 ||    36
  Dodge: Dodged            |    22 |    13 ||    35
